 Dungeon Crawl Stone Soup version 0.30-a0-586-g23e55c9e0a (console) character file.

Game seed: 6669844800326318465

4 petzl the Sneak (level 1, -5/16 (18) HPs)
             Began as a Formicid Delver on Jan 3, 2023.
             Slain by an iguana (9 damage)
             ... on level 3 of the Dungeon.
             The game lasted 00:01:57 (274 turns).

petzl the Sneak (Formicid Delver)                    Turns: 274, Time: 00:01:57

HP:   -5/16 (18)    AC:  3    Str: 16    XL:     1   Next: 66%
MP:   2/2           EV: 12    Int:  9    God:
Gold: 27            SH:  0    Dex: 15    Spells: 2/2 levels left

rFire   . . .      SeeInvis +    k - +0 rapier
rCold   . . .      Faith    .    (no shield)
rNeg    . . .      Spirit   .    b - +0 leather armour
rPois   .          Reflect  .    (helmet unavailable)
rElec   .          Harm     .    (no cloak)
rCorr   .          Rampage  .    (no gloves)
Will    .....                    (no boots)
Stlth   +++                      (no amulet)
HPRegen 0.22/turn                h - ring of wizardry
MPRegen 0.08/turn                (no ring)

@: heavily drained
A: permanent stasis, dig shafts and tunnels, antennae 3, four strong arms
a: Dig, Shaft Self


You were on level 3 of the Dungeon.
You visited 1 branch of the dungeon, and saw 3 of its levels.

You collected 27 gold pieces.

Inventory:

Hand Weapons
 k - a +0 rapier (weapon)
Missiles
 j - 6 stones
Armour
 b - a +0 leather armour (worn)
Jewellery
 h - a ring of wizardry (left hand)
Wands
 g - a wand of digging (3)
Scrolls
 c - a scroll of fog
 d - a scroll of magic mapping
 e - a scroll of fear
Potions
 a - a potion of might {unknown}
 f - a potion of haste
 i - a potion of attraction {unknown}


   Skills:
 - Level 3.2 Fighting
 - Level 2.0 Maces & Flails
 - Level 1.7 Dodging
 - Level 6.0 Stealth
 + Level 1.1 Spellcasting


You had 2 spell levels left.
You didn't know any spells.
Your spell library was empty.

Dungeon Overview and Level Annotations

Branches:
Dungeon (5/15)
 Temple: D:4-7

Altars:


Innate Abilities, Weirdness & Mutations

You cannot be hasted, slowed, berserked, paralysed or teleported.
You can dig through walls and to a lower floor.
You have a pair of large antennae on your head. (SInv)
Your four strong arms can wield two-handed weapons with a shield.


Message History

You barely miss the ball python. The ball python barely misses you.
The ball python constricts you.
You hit the ball python.
You kill the ball python!
You start resting.
HP restored.
a - a clear potion The orc shouts!
There is a stone staircase leading up here.
You hit the orc.
The orc is lightly wounded.
The orc hits you with a +0 dagger. x2
You hit the orc.
The orc is heavily wounded.
The orc hits you but does no damage.
You barely miss the orc.
The orc is heavily wounded.
The orc hits you but does no damage.
You hit the orc but do no damage.
The orc is heavily wounded.
The orc hits you with a +0 dagger.
You puncture the orc!
You kill the orc!
Your Spellcasting skill increases to level 1!
You see here a +0 dagger {!f =f}.
There is a stone staircase leading up here.
You start resting.
Magic restored.
You start resting.
HP restored.
You climb upwards.
The iguana bites you. The endoplasm barely misses you. The iguana bites you!
Ouch! That really hurt!
* * * LOW HITPOINT WARNING * * *
There is a stone staircase leading down, spattered with blood here.
The iguana attacks as you move away! The iguana closely misses you.
Are you sure you want to shaft yourself?
The iguana bites you!
Ouch! That really hurt!
You die...

#.#
..#
#.#
#.#
#.# {
#.#
#.#
#@#
#l#
{###>#
#..J#
#####


You could see an iguana and an endoplasm.

Vanquished Creatures
  An orc (D:4)
  2 ball pythons (D:4)
3 creatures vanquished.

Notes
Turn   | Place    | Note
-------+----------+-------------------------------------------
     0 | D:5      | petzl the Formicid Delver began the quest for the Orb.
     0 | D:5      | Reached XP level 1. HP: 18/18 MP: 1/1
    27 | D:4      | Noticed an iguana
    27 | D:4      | Noticed an orc priest
    55 | D:3      | You fall into a shaft and drop 1 floor!
   235 | D:4      | Reached skill level 1 in Spellcasting
   274 | D:3      | Slain by an iguana

Illustrated notes

Levels and vault maps discovered:
D:3:      layout_loops_ring, gammafunk_ghost_necromancy
D:4:      layout_cave_pools
D:5:      layout_loops_ring, minmay_misc_feat_x

Skill      XL: |  1 |
---------------+----+-----
Spellcasting   | 1 |  1.1
Fighting       | |  3.2
Maces & Flails | |  2.0
Dodging        | |  1.7
Stealth        | |  6.0

Action                   || total
-------------------------++-------
Melee: Rapier            ||     9
       Mace              ||     4
 Abil: Dig               ||     2
       Shaft Self        ||     2
Armor: Leather armour    ||     6
Dodge: Dodged            ||    21

Table legend: (Time is in decaauts)
 A = Elapsed time spent in this place.
 B = Non-inter-level travel time spent in this place.
 C = Inter-level travel time spent in this place.
 D = Time resting spent in this place.
 E = Time spent auto-exploring this place.
 F = Levels seen in this place.
 G = Mean time per level.
                   A        B        C        D        E       F      G
               +--------+--------+--------+--------+--------+-----+--------+
         Total |    275 |    275 |      0 |    122 |      1 |   3 |   91.7 |
       Dungeon |    275 |    275 |      0 |    122 |      1 |   3 |   91.7 |
               +--------+--------+--------+--------+--------+-----+--------+

Top non-repeatable levels by time:
     D:4: 261 daAuts
     D:3: 8 daAuts
     D:5: 6 daAuts
